Map: Ruby Rock LE

Players

VITRyung (Ryung) - Winner!

  • Race: Terran Terran
  • League: Grandmaster
  • Spawn Location: 11:00

HolyHit

  • Race: Protoss Protoss
  • League: Grandmaster
  • Spawn Location: 5:00

VOD

Have the link to the VOD?

Description

Time

  • Played on: Jan. 30, 2026, 2:25 p.m.
  • Length: 8:22
Show
View Real Time Build Order
Export as new Build Order

VITRyung Terran - Winner!

Build Orders:  

Get SALT Encoding   

  12  0:00  SCV  
  13  0:12  SCV  
  14  0:16  Supply Depot  
  14  0:24  SCV  
  15  0:38  SCV  
  15  0:40  Barracks  
  16  0:44  Refinery  
  16  0:50  SCV  
  16  0:52  Refinery  
  17  1:02  SCV  
  18  1:14  SCV  
  19  1:19  Supply Depot  
  19  1:27  Reaper, Orbital Command  
  20  1:41  Factory  
  20  1:52  SCV  
  21  1:59  Reaper  
  22  2:04  SCV  
  23  2:17  SCV  
  23  2:20  Command Center  
  24  2:28  Hellion  
  24  2:29  SCV  
  27  2:35  Starport  
  27  2:41  SCV  
  27  2:43  Barracks Reactor  
  28  2:50  Widow Mine  
  30  2:53  SCV  
  30  2:55  Supply Depot  
  31  3:15  Barracks  
  31  3:17  Medivac, SCV, Widow Mine  
  36  3:25  Marine x2  
  38  3:29  SCV  
  38  3:33  Orbital Command  
  39  3:38  Factory Tech Lab  
  39  3:41  SCV  
  40  3:43  Marine x2  
  42  3:53  SCV  
  42  3:54  Bunker  
  43  4:01  Raven  
  43  4:02  Marine x2  
  47  4:05  SCV x2  
  47  4:09  Barracks Tech Lab  
  49  4:10  Supply Depot  
  49  4:11  Factory Tech Lab  
  50  4:17  SCV  
  50  4:20  SCV  
  51  4:29  SCV  
  52  4:32  Supply Depot, SCV  
  52  4:34  Stimpack, Marine  
  52  4:35  Marine  
  52  4:37  Marine  
  56  4:41  SCV  
  56  4:42  Viking  
  59  4:50  SCV, Barracks  
  60  4:53  SCV  
  61  5:02  SCV  
  61  5:03  Marine x3  
  61  5:05  Factory Reactor, SCV  
  66  5:09  Supply Depot  
  66  5:10  Engineering Bay  
  66  5:15  SCV  
  66  5:17  SCV  
  66  5:19  Supply Depot  
  68  5:27  Supply Depot, Marine x2  
  70  5:30  Marine  
  70  5:35  SCV x2  
  72  5:42  Marine, Combat Shield  
  71  5:45  Terran Infantry Weapons Level 1, Marine x2  
  71  5:49  Refinery, Missile Turret, Supply Depot  
  73  5:50  SCV  
  73  5:51  SCV  
  73  5:56  Factory Reactor, Medivac  
  77  6:02  Marauder x2  
  77  6:03  Marine x2, Refinery  
  83  6:07  Supply Depot  
  83  6:09  Medivac  
  85  6:24  SCV x2  
  85  6:25  Marauder x2  
  91  6:26  Barracks  
  91  6:27  Barracks  
  91  6:34  Medivac, Widow Mine x2  
  97  6:47  Marauder x2, Marine  
  92  6:52  Medivac  
  91  6:55  Widow Mine x2  
  91  6:57  Marine, Concussive Shells  
  96  7:06  Marine  
  96  7:08  Marauder x2  
  101  7:09  SCV  
  101  7:11  Supply Depot  
  101  7:13  SCV  
  101  7:15  Marauder  
  85  7:23  Marine x2  
  86  7:29  Marauder x2  
  86  7:37  Marauder  
  86  7:51  Marauder x2  
Show
View Real Time Build Order
Export as new Build Order

HolyHit Protoss 

Build Orders: 1 Gate Expand, Dark Templar Rush 

Get SALT Encoding   

  12  0:00  Probe  
  13  0:12  Probe  
  14  0:18  Pylon  
  14  0:24  Probe  
  15  0:32  Probe  
  15  0:37  Gateway  
  15  0:40  Probe  
  16  0:46  Assimilator  
  17  0:51  Probe  
  18  1:03  Probe  
  19  1:15  Probe  
  20  1:24  Cybernetics Core  
  20  1:32  Nexus  
  20  1:35  Probe  
  21  1:42  Pylon  
  21  1:47  Probe  
  21  1:51  Adept  
  21  1:52  Assimilator  
  22  1:59  Probe  
  23  2:05  Warp Gate  
  24  2:11  Probe  
  25  2:18  Stalker  
  27  2:23  Probe  
  28  2:35  Twilight Council  
  28  2:36  Probe  
  29  2:44  Probe  
  29  2:46  Probe  
  29  2:50  Adept  
  33  2:52  Probe  
  33  2:54  Probe  
  35  3:00  Probe  
  35  3:01  Robotics Facility  
  35  3:02  Probe  
  36  3:11  Probe  
  38  3:14  Probe  
  38  3:23  Probe  
  38  3:26  Probe  
  40  3:29  Dark Shrine  
  40  3:35  Probe, Gateway  
  40  3:37  Warp Prism  
  40  3:38  Probe  
  42  3:41  Pylon  
  44  3:50  Probe  
  45  3:55  Assimilator  
  45  3:59  Probe  
  45  4:00  Gateway  
  46  4:04  Probe  
  46  4:09  Pylon  
  47  4:12  Probe  
  47  4:25  Stalker  
  47  4:28  Probe  
  48  4:31  Shadow Stride, Charge  
  48  4:34  Probe  
  48  4:37  Assimilator  
  49  4:40  Probe  
  49  4:45  Dark Templar  
  52  4:48  Dark Templar  
  54  4:54  Probe  
  53  5:07  Gateway  
  53  5:09  Gateway  
  53  5:10  Gateway  
  53  5:11  Gateway  
  53  5:16  Gateway  
  53  5:19  Dark Templar  
  55  5:24  Dark Templar  
  57  5:31  Pylon  
  53  5:45  Dark Templar  
  53  5:49  Pylon  
  55  5:55  Pylon, Zealot  
  55  5:56  Zealot  
  59  6:01  Pylon  
  59  6:07  Dark Templar  
  59  6:08  Zealot x2  
  65  6:14  Dark Templar  
  65  6:15  Zealot  
  69  6:29  Dark Templar, Zealot  
  69  6:30  Zealot  
  75  6:47  Zealot x4  
  71  6:52  Dark Templar  
  71  6:53  Zealot  
  71  6:56  Dark Templar  
  73  7:04  Dark Templar  
  73  7:05  Zealot  
  71  7:18  Zealot x3  
  59  7:22  Zealot  
Tags
 
Add a new tag
Caveats
  • Supply blocks, unpowered buildings, or Contaminate may cause inaccurate times.
  • Supply counts are checked every 10 seconds.